 Dungeon Crawl Stone Soup version 0.30.1-10-g1249ef9ec4 (webtiles) character file.

Game seed: 586587027784014482

3612 Peloso the Carver (level 9, -7/79 HPs)
             Began as a Minotaur Fighter on Oct 26, 2023.
             Killed from afar by Erica (26 damage)
             ... with a bolt of poison
             ... on level 8 of the Dungeon.
             The game lasted 00:12:29 (8507 turns).

Peloso the Carver (Minotaur Fighter)                Turns: 8507, Time: 00:12:29

Health: -7/79      AC: 11    Str: 21    XL:     9   Next: 86%
Magic:  8/8        EV: 10    Int:  5    God:
Gold:   132        SH:  6    Dex: 20    Spells: 8/8 levels left

rFire   . . .        a - +0 long sword
rCold   . . .        d - +0 buckler
rNeg    . . .        c - +0 chain mail
rPois   .            (helmet restricted)
rElec   .            (no cloak)
rCorr   .            (no gloves)
SInv    .            (no boots)
Will    .....        (no amulet) Stlth
                     n - +6 ring of dexterity
HPRegen 0.33/turn    (no ring)
MPRegen 0.11/turn

%: no passive effects
@: lethally poisoned (-7 -> -24)
A: horns 2, retaliatory headbutt
a: no special abilities


You were on level 8 of the Dungeon.
You visited 2 branches of the dungeon, and saw 9 of its levels.

You collected 302 gold pieces.
You spent 170 gold pieces at shops.

Inventory:

Hand Weapons
 a - a +0 long sword (weapon)
Missiles
 x - 2 throwing nets (quivered)
Armour
 b - a +0 scale mail
 c - a +0 chain mail (worn)
 d - a +0 buckler (worn)
Jewellery
 n - a +6 ring of dexterity (left hand)
Wands
 l - a wand of acid (3)
 s - a wand of flame (18)
 v - a wand of polymorph (5)
Scrolls
 e - a scroll of blinking {unknown}
 f - 2 scrolls of immolation {unknown}
 h - a scroll of silence {unknown}
 j - 2 scrolls of brand weapon {unknown}
 m - a scroll of fear {unknown}
 p - a scroll of vulnerability {unknown}
 r - 4 scrolls of teleportation {unknown}
 t - 2 scrolls of enchant weapon {unknown}
 u - 3 scrolls of torment {unknown}
 w - 3 scrolls of identify
 C - 3 scrolls of poison {unknown}
 D - a scroll of amnesia {unknown}
Potions
 g - a potion of resistance {unknown}
 i - a potion of invisibility
 k - a potion of haste
 o - a potion of cancellation
 q - 2 potions of curing
 z - a potion of might
 B - a potion of magic


   Skills:
 + Level 7.3 Fighting
 + Level 10.9 Long Blades
 + Level 9.3 Armour
 + Level 3.9 Dodging
 + Level 1.0 Stealth
 + Level 6.9 Shields
 + Level 0.1 Evocations


You had 8 spell levels left.
You didn't know any spells.
Your spell library contained the following spells:

 Spells                   Type           Power      Damage    Failure   Level
 Apportation              Tloc           0%         N/A       98%         1
 Foxfire                  Conj/Fire      0%         2x1d4     98%         1
 Static Discharge         Conj/Air       0%         2-2/arc   99%         2
 Vhi's Electric Charge    Tloc/Air       0%         N/A       100%        3
 Airstrike                Air            0%         2d(0-16)  100%        4
 Summon Lightning Spire   Summ/Air       0%         N/A       100%        4
 Alistair's Intoxication  Tmut/Pois      0%         N/A       100%        5
 Arcjolt                  Conj/Air       0%         1d10      100%        5
 Fireball                 Conj/Fire      0%         3d3       100%        5
 Plasma Beam              Fire/Air       0%         2x1d11    100%        6
 Starburst                Conj/Fire      0%         6d3       100%        6
 Chain Lightning          Conj/Air       0%         N/A       100%        9
 Fire Storm               Conj/Fire      0%         5d1       100%        9
 Shatter                  Erth           0%         3d5*      100%        9


Dungeon Overview and Level Annotations

Branches:
Dungeon (8/15)             Temple (1/1) D:4
   Lair: D:8-11

Altars:
Dithmenos
Elyvilon
Kikubaaqudgha
Qazlal
Ru
Sif Muna
Trog
Vehumet

Shops:
D:2 ?:*(!

Annotations:
D:8 Erica


Innate Abilities, Weirdness & Mutations

You have a pair of horns on your head.
You reflexively headbutt those who attack you in melee.


Message History

The wolf is severely wounded.
You hear the faint creaking of a very distant portcullis.
The wolf bites you but does no damage. x2
You slice the wolf!!
You kill the wolf!
You open the door.
There is an open door here.
You enter the shallow water.
Moving in this stuff is going to be slow.
Why would you want to do that?
You open the door.
There is an open door here.
A hound comes into view.
The hound barks!
Erica the Fiery-Tempered comes into view.
She is wielding a +2 scimitar of flaming.
Erica shouts!
The hound bites you but does no damage. You block the hound's attack.
The hound attacks as you move away! The hound barely misses you.
You furiously retaliate!
You headbutt the hound!
You feel a little less mighty now. The hound closely misses you.
You block the hound's attack.
Aiming: Corrosive Bolt
Press: ? - help, Shift-Dir - straight line, f - hound
Aim: a hound (almost dead, 60% to hit)
The bolt of acid misses the hound.
The bolt of acid hits Erica!
The acid corrodes Erica!
Erica is lightly wounded.
You block the hound's attack.
Aiming: Corrosive Bolt
Press: ? - help, Shift-Dir - straight line, f/p - hound
Aim: a hound (almost dead, 60% to hit)
The bolt of acid hits the hound!
You kill the hound!
The bolt of acid hits Erica.
Erica seems to be corroded for longer.
Erica is moderately wounded.
Erica points at you and mumbles some strange words.
The bolt of poison hits you!!
You are poisoned.
You die...

###### #≈~≈≈# ######~≈~≈###
#....'≈~≈~'.#
#.####~≈~≈#.### #.#
#≈~≈≈#...#### . #@#
######....>.# ......###.#†#
#.###..#.#### #.......#.#@#
##......#.####
..........#.###...###......#
...........##.....##...####
#................).......#
#......###....)#########
##...........?##
##<.....#...##


You could see Erica (corroded).

Vanquished Creatures
  A troll (D:8)
  A shadow (D:7)
  2 steam dragons (D:7)
  A water moccasin (D:7)
  2 ice beasts (D:7)
  2 ogres
  2 black bears
  3 centaurs
  3 wolves (D:8)
  3 phantoms
  A bullfrog (D:8)
  2 scorpions
  4 wights
  3 killer bees (D:7)
  6 hounds
  6 orc priests
  2 gnoll boudas
  Ijyb (D:5)
  5 iguanas
  2 sleepcaps
  7 orc wizards
  Natasha (thrice) (D:4)
  10 adders
  11 gnolls
  A shadow imp (D:6)
  A white imp (D:7)
  2 ufetubi (D:6)
  3 worms
  2 dart slugs (D:1)
  23 orcs
  2 ball pythons
  7 endoplasms
  3 giant cockroaches
  4 hobgoblins
  3 jackals (D:4)
  7 quokkas
  5 bats
  3 frilled lizards (D:1)
  4 goblins
  3 kobolds
  3 rats
159 creatures vanquished.

Vanquished Creatures (others)
  An orc wizard (D:7)
1 creature vanquished.

Grand Total: 160 creatures vanquished

Notes
Turn   | Place    | Note
-------+----------+-------------------------------------------
     0 | D:1      | Peloso the Minotaur Fighter began the quest for the Orb.
     0 | D:1      | Reached XP level 1. HP: 19/19 MP: 0/0
   296 | D:1      | Reached XP level 2. HP: 27/27 MP: 1/1
   919 | D:2      | Found Xyarcherph's Magic Scroll Shop.
   959 | D:2      | Reached XP level 3. HP: 33/33 MP: 2/2
   965 | D:2      | Found Pouxi's Book Shop.
   996 | D:2      | Reached skill level 3 in Long Blades
   996 | D:2      | Reached skill level 1 in Dodging
  1063 | D:2      | Reached XP level 4. HP: 40/40 MP: 3/3
  1131 | D:2      | Found Gife's Antique Weapon Emporium.
  1202 | D:2      | Found Waess's Distillery.
  1305 | D:2      | Found Moinaul's Assorted Antiques.
  2254 | D:3      | Reached skill level 4 in Long Blades
  2307 | D:3      | Reached XP level 5. HP: 46/46 MP: 4/4
  2308 | D:3      | Reached skill level 5 in Armour
  2640 | D:3      | Found a radiant altar of Vehumet.
  2869 | D:4      | Found a shimmering blue altar of Sif Muna.
  2894 | D:4      | Noticed Natasha
  2902 | D:4      | Killed Natasha
  2903 | D:4      | Reached XP level 6. HP: 42/52 MP: 5/5
  3032 | D:4      | Reached skill level 5 in Long Blades
  3046 | D:4      | Found a staircase to the Ecumenical Temple.
  3064 | Temple   | Entered the Ecumenical Temple
  3501 | D:4      | Noticed Natasha
  3511 | D:4      | Killed Natasha
  3781 | D:4      | Reached skill level 6 in Long Blades
  3781 | D:4      | Reached skill level 5 in Shields
  3781 | D:4      | Reached XP level 7. HP: 16/59 MP: 6/6
  4115 | D:4      | Noticed Natasha
  4120 | D:4      | Killed Natasha
  4645 | D:5      | Entered Level 5 of the Dungeon
  4659 | D:5      | Reached skill level 5 in Fighting
  4761 | D:5      | Noticed Ijyb
  4773 | D:5      | Killed Ijyb
  4777 | D:5      | Reached skill level 7 in Long Blades
  4926 | D:5      | Reached XP level 8. HP: 40/68 MP: 7/7
  5522 | D:5      | Reached skill level 8 in Long Blades
  6103 | D:6      | Reached skill level 9 in Long Blades
  6619 | D:2      | Bought a sedimented cyan potion for 19 gold pieces
  6619 | D:2      | Bought a sapphire potion for 19 gold pieces
  6619 | D:2      | Bought 2 scrolls labelled IMITIP LOAVIAQ for 44 gold pieces
  6619 | D:2      | Bought 2 scrolls labelled RUNUIT WAACUE for 44 gold pieces
  6619 | D:2      | Bought a scroll labelled PAVUEF XAGIEX for 22 gold pieces
  6619 | D:2      | Bought a scroll labelled IMITIP LOAVIAQ for 22 gold pieces
  6851 | D:7      | Reached XP level 9. HP: 50/78 MP: 8/8
  7014 | D:7      | Identified the +1 robe "Yrokiphe" {Dex+4}
  7179 | D:7      | Reached skill level 1 in Stealth
  8004 | D:7      | Reached skill level 10 in Long Blades
  8424 | D:8      | Noticed a troll
  8457 | D:8      | Killed a troll
  8500 | D:8      | Noticed Erica
  8507 | D:8      | Killed from afar by Erica

Illustrated notes

Levels and vault maps discovered:
D:1:      sevenhm_arrival_forest_fort_small_6, layout_basic
D:2:      layout_basic, serial_shops, nicolae_shop_pleasant_corner_grove, shop,
          nicolae_shop_crystal, shop, nicolae_diamond_shop, minmay_crystal_room,
          minmay_misc_feat_square
D:3:      layout_loops_corners, general_overflow_altar
D:4:      layout_layer_cave, lemuel_round_altar, minmay_temple_entry_mini_moons,
          uniq_natasha
D:5:      minmay_spotlight, layout_basic, roderic_serpentine_path, uniq_ijyb
D:6:      layout_cave_pods
D:7:      kb_forest_paths, layout_loops_corners,
          minmay_a_box_with_orc_wizards_in_it
D:8:      layout_loops_ring, minitemple, erik_lair_island, enter_bailey_2,
          chequers_serial_rivers_room_b, minmay_lindwurm_lava, uniq_erica
Temple:   hellmonk_temple_beads

Skill      XL: |  1  2  3  4  5  6  7  8  9 |
---------------+----------------------------+-----
Shields        | 4 5 6 |  6.9
Armour         | 4 5 6 7 9 |  9.3
Fighting       | 4 5 6 7 |  7.3
Long Blades    | 3 4 6 7 9 10 | 10.9
Dodging        | 1 2 3 |  3.9
Stealth        | 1 |  1.0
Evocations     | |  0.1

Action                     |  1- 3 |  4- 6 |  7- 9 || total
---------------------------+-------+-------+-------++-------
  Melee: Long sword        |    67 |   103 |   293 ||   463
         Headbutt          |     9 |    20 |    76 ||   105
  Evoke: Wand              |       |     1 |     3 ||     4
    Use: Scroll            |       |       |     8 ||     8
         Potion            |       |       |     2 ||     2
 Armour: Scale mail        |    42 |    31 |    22 ||    95
         Chain mail        |       |       |   111 ||   111
  Dodge: Dodged            |    41 |    51 |   120 ||   212
  Block: Buckler           |    19 |    21 |    81 ||   121
